 Dungeon Crawl Stone Soup version 0.18.1-8-gdd0e5ea (webtiles) character file.

5048 IcyTea the Cleaver (level 10, -2/71 HPs)
             Began as a Formicid Air Elementalist on May 22, 2016.
             Was an Elder of the Shining One.
             Slain by a death knight
             ... wielding a +4 battleaxe
              (16 damage)
             ... on level 7 of the Dungeon.
             The game lasted 00:35:14 (8836 turns).

IcyTea the Cleaver (Formicid Air Elementalist)      Turns: 8836, Time: 00:35:15

Health: -2/71      AC: 15    Str: 15    XL:     10   Next: 85%
Magic:  13/13      EV:  5    Int: 16    God:    the Shining One [****..]
Gold:   390        SH:  0    Dex: 11    Spells: 3 memorised, 8 levels left

rFire  . . .     SeeInvis +     r - +2 battleaxe
rCold  + . .     Gourm    .     x - +0 plate armour {rC+}
rNeg   + + .     Faith    .     (no shield)
rPois  +         Spirit   .     (helmet unavailable)
rElec  .         Dismiss  .     s - +1 cloak
rCorr  .         Reflect  .     (no gloves)
SustAt .         Harm     .     l - +0 pair of boots
MR     +....                    (no amulet)
Stlth  ..........               y - ring of poison resistance
                                i - +4 ring of slaying

@: glowing, somewhat resistant to hostile enchantments, extremely unstealthy
A: permanent stasis, dig shafts and tunnels, four strong arms, antennae 3
a: Dig, Shaft Self, Divine Shield, Cleansing Flame, Renounce Religion


You were on level 7 of the Dungeon.
You worshipped the Shining One.
The Shining One was greatly pleased with you.
You were hungry.

You visited 2 branches of the dungeon, and saw 9 of its levels.
You also visited: Sewer.

You collected 390 gold pieces.

Inventory:

Hand Weapons
 p - the +3 war axe of Optimality {freeze, Str-5 Dex+8}
   (You found it on level 8 of the Dungeon)

   It has been specially enchanted to freeze those struck by it, causing extra
   injury to most foes and up to half again as much damage against particularly
   susceptible opponents.
   It can also slow down cold-blooded creatures.
   It affects your strength (-5).
   It affects your dexterity (+8).
 r - a +2 battleaxe (weapon)
Missiles
 t - 2 tomahawks of returning (quivered)
 v - 15 tomahawks
Armour
 l - a +0 pair of boots (worn)
 s - a +1 cloak (worn)
 x - a +0 plate armour of cold resistance (worn)
Jewellery
 h - an uncursed ring of positive energy
 i - a +4 ring of slaying (left hand)
 o - an uncursed amulet of harm {unknown}
 y - a ring of poison resistance (right hand)
Wands
 z - a wand of hasting (2/9)
Scrolls
 e - 2 scrolls of recharging
 g - 3 scrolls of fear
 j - 5 scrolls of identify
 m - 6 scrolls of remove curse
 u - 2 scrolls of enchant armour
Potions
 k - a potion of curing
 n - a potion of brilliance
 w - 6 potions of flight
 B - a potion of agility
Comestibles
 a - a royal jelly
 b - 7 slices of pizza
 c - 7 bread rations
 d - 2 meat rations
 f - 5 beef jerkies
 q - 3 fruits


   Skills:
 - Level 4.0 Fighting
 + Level 13.1 Axes
 - Level 5.1 Armour
 - Level 1.7 Dodging
 - Level 2.4 Stealth
 - Level 2.1 Spellcasting
   Level 0.8 Conjurations
 - Level 2.4 Air Magic
 - Level 3.0 Invocations


You had 8 spell levels left.
You knew the following spells:

 Your Spells              Type           Power        Failure   Level  Hunger
a - Summon Butterflies    Summ           #.......     100%        1    #......
b - Repel Missiles        Chrm/Air       #.....       100%        2    ###....
c - Swiftness             Chrm/Air       #.......     100%        2    ###....


Dungeon Overview and Level Annotations

Branches:
Dungeon (8/15)             Temple (1/1) D:7            Lair (0/8) D:8

Altars:
Ashenzari
Cheibriados
Dithmenos
Elyvilon
Fedhas
Gozag
Kikubaaqudgha
Nemelex Xobeh
Okawaru
Pakellas
Qazlal
Ru
Trog
Vehumet
Xom
Yredelemnul
Zin
The Shining One

Shops:
D:5 *


Innate Abilities, Weirdness & Mutations

You are under a permanent stasis effect.
You can dig through walls and to a lower floor.
Your four strong arms can wield two-handed weapons with a shield.
You have a pair of large antennae on your head (SInv).


Message History

The death knight offers itself to Yredelemnul, and fills with unholy energy.
You hit the death knight.
The death knight is almost dead.
Your damage is reflected back at you!
The death knight hits you with an enchanted battleaxe!
The death knight's dark mirror aura disappears.
You slash the death knight!
The death knight is almost dead.
The death knight hits you with an enchanted battleaxe!!
* * * LOW HITPOINT WARNING * * *
You completely miss the death knight.
The death knight is almost dead.
You hit the death knight but do no damage.
The death knight is almost dead.
The death knight hits you with an enchanted battleaxe!
* * * LOW HITPOINT WARNING * * *
You hit the death knight but do no damage.
The death knight is almost dead.
The death knight hits you with an enchanted battleaxe!
You die...

....#.# #.# #.#.#.##[#.#. ....#.#
#.# #.#.#......#. ....#.# #.#
#.#.#........ ....#.# #.#
#.#.#.##.###. ....#.# #.#
#.#.#........ ....#.###.#
####.#.#########
....#.....########....#.#........
...........<.....................
..>............p@.....#.#..####..
.................................
............######...##..#.######
#...........#######..##..#.######
#...............# #..##........:.
#...............###..##...#######
#...............#.....#...###.(..
#...............#..#..#b....+....
...........#..###..#..#...#.#....


You could see a death knight.

Vanquished Creatures
  Pikel (D:4)
  An elephant (D:8)
  Grinder (D:4)
  Sigmund (D:3)
  A yak (D:7)
  Eustachio (D:4)
  A human (D:7)
  Duvessa (D:5)
  Edmund (D:5)
  3 ice beasts
  2 orc warriors
  2 sky beasts
  Purgy (Sewer)
  3 phantoms
  A black bear (D:6)
  4 ogres
  A necrophage (D:6)
  2 centaurs
  A crocodile (D:8)
  A big kobold (D:8)
  2 giant frogs (D:6)
  Dowan (D:5)
  3 wights (D:7)
  A howler monkey (D:6)
  5 crimson imps
  4 hounds
  A centaur zombie (D:7)
  A giant frog zombie (D:6)
  A giant frog skeleton (D:4)
  2 orc priests
  5 orc wizards
  Jessica (D:3)
  Terence (D:2)
  Natasha (twice) (D:3)
  7 worker ants
  5 sheep
  2 gnolls
  6 adders
  A river rat (D:3)
  2 adder skeletons
  3 worms
  A dart slug (D:2)
  3 giant geckos
  23 orcs
  4 giant cockroaches
  5 goblins
  6 hobgoblins
  7 jackals
  18 kobolds
  2 ball pythons
  7 bats
  5 giant newts
  2 jackal skeletons
  A quokka skeleton (D:5)
  5 rats
  A butterfly (D:7)
176 creatures vanquished.

Vanquished Creatures (others)
  A slave (D:4)
  An adder (D:4)
2 creatures vanquished.

Grand Total: 178 creatures vanquished

Notes
Turn   | Place    | Note
--------------------------------------------------------------
     0 | D:1      | IcyTea the Formicid Air Elementalist began the quest for the Orb.
     0 | D:1      | Reached XP level 1. HP: 13/13 MP: 3/3
   282 | D:1      | Reached skill level 1 in Armour
   328 | D:1      | Reached XP level 2. HP: 14/19 MP: 0/5
   993 | D:1      | HP: 1/20 [gnoll/hand axe (2)]
   997 | D:1      | Reached skill level 1 in Fighting
   997 | D:1      | Reached XP level 3. HP: 2/27 MP: 0/6
  1777 | D:2      | Reached skill level 1 in Axes
  1836 | D:2      | Found a faded altar to an unknown god.
  1837 | D:2      | Noticed Terence
  1865 | D:2      | Killed Terence
  1865 | D:2      | Reached skill level 2 in Axes
  1865 | D:2      | Reached XP level 4. HP: 19/33 MP: 7/7
  2025 | D:2      | Became a worshipper of the Shining One
  2025 | D:2      | Reached * piety under the Shining One
  2210 | D:2      | Found an iron altar of Okawaru.
  2479 | D:3      | Found a glowing drain.
  2504 | D:3      | Reached skill level 3 in Axes
  2504 | D:3      | Reached XP level 5. HP: 16/38 MP: 8/8
  2651 | Sewer    | Entered a sewer
  2767 | Sewer    | Noticed Purgy
  2770 | Sewer    | Gained mutation: Your muscles are strong. (Str +2) [potion of mutation]
  2770 | Sewer    | Lost mutation: Your muscles are strong. (Str +2) [potion of mutation]
  2770 | Sewer    | Gained mutation: You have large cloven feet. [potion of mutation]
  2778 | Sewer    | Killed Purgy
  2778 | Sewer    | Reached skill level 4 in Axes
  2778 | Sewer    | Reached XP level 6. HP: 27/44 MP: 9/9
  2961 | D:3      | Noticed Natasha
  2966 | D:3      | Killed Natasha
  2985 | D:3      | Noticed Natasha
  2992 | D:3      | Noticed Jessica
  2994 | D:3      | Killed Natasha
  2994 | D:3      | Reached skill level 5 in Axes
  3001 | D:3      | Killed Jessica
  3009 | D:3      | Noticed Sigmund
  3159 | D:3      | Killed Sigmund
  3159 | D:3      | Reached skill level 6 in Axes
  3159 | D:3      | Reached XP level 7. HP: 44/49 MP: 10/10
  3275 | D:3      | Found a sacrificial altar of Ru.
  3595 | D:4      | Reached skill level 7 in Axes
  3614 | D:4      | Noticed Eustachio
  3614 | D:4      | Reached ** piety under the Shining One
  3650 | D:4      | Killed Eustachio
  3650 | D:4      | Reached XP level 8. HP: 27/55 MP: 11/11
  3902 | D:4      | Noticed Pikel
  3936 | D:4      | Killed Pikel
  3936 | D:4      | Reached skill level 9 in Axes
  4164 | D:4      | Noticed Grinder
  4187 | D:4      | Killed Grinder
  4187 | D:4      | Reached skill level 10 in Axes
  4187 | D:4      | Reached XP level 9. HP: 39/61 MP: 12/12
  4509 | D:5      | Entered Level 5 of the Dungeon
  4658 | D:5      | Noticed Edmund
  4679 | D:5      | Killed Edmund
  4711 | D:5      | Found Wufrur's General Store.
  5050 | D:5      | Noticed Dowan
  5059 | D:5      | Noticed Duvessa
  5072 | D:5      | Killed Dowan
  5112 | D:5      | Killed Duvessa
  5979 | D:6      | Reached skill level 5 in Armour
  6303 | D:6      | Reached XP level 10. HP: 30/71 MP: 13/13
  6651 | D:6      | Reached skill level 11 in Axes
  6687 | D:6      | Found a sparkling altar of Nemelex Xobeh.
  6701 | D:6      | Reached *** piety under the Shining One
  7104 | D:7      | Learned a level 2 spell: Repel Missiles
  7107 | D:7      | Learned a level 2 spell: Swiftness
  7165 | D:7      | Found a staircase to the Ecumenical Temple.
  7186 | Temple   | Entered the Ecumenical Temple
  7497 | D:7      | Lost mutation: You have large cloven feet. [potion of cure mutation]
  7739 | D:7      | Reached skill level 12 in Axes
  7754 | D:7      | Learned a level 1 spell: Summon Butterflies
  8048 | D:8      | Found a sparkling altar of Nemelex Xobeh.
  8112 | D:8      | Noticed an elephant
  8113 | D:8      | Found a staircase to the Lair.
  8132 | D:8      | Killed an elephant
  8140 | D:7      | Reached skill level 13 in Axes
  8494 | D:8      | Got a steaming war axe
  8498 | D:8      | Identified the +3 war axe of Optimality {freeze, Str-5 Dex+8} (You found it on level 8 of the Dungeon)
  8554 | D:8      | Noticed a death knight
  8561 | D:8      | Noticed a freezing wraith
  8561 | D:8      | Reached **** piety under the Shining One
  8562 | D:8      | Noticed a freezing wraith
  8836 | D:7      | Slain by a death knight

Skill      XL: |  1  2  3  4  5  6  7  8  9 10 |
---------------+-------------------------------+-----
Armour         | 1 2 5 |  5.1
Fighting       | 1 4 |  4.0
Axes           | 2 3 4 6 7 10 13 | 13.1
Invocations    | 3 |  3.0
Dodging        | |  1.7
Stealth        | |  2.4
Spellcasting   | |  2.1
Conjurations   | |  0.8
Air Magic      | |  2.4

Action                   |  1- 3 |  4- 6 |  7- 9 | 10-12 || total
-------------------------+-------+-------+-------+-------++-------
Melee: Unarmed           |    11 |       |       |       ||    11
       Dagger            |    18 |       |       |       ||    18
       Hand axe          |    40 |    80 |   242 |       ||   362
       Kick              |       |     8 |     1 |       ||     9
       War axe           |       |       |    10 |    67 ||    77
       Battleaxe         |       |       |       |   112 ||   112
 Cast: Shock             |    28 |       |       |       ||    28
Invok: Divine Shield     |       |       |     1 |       ||     1
  Use: Scroll            |       |     8 |     1 |     5 ||    14
       Potion            |       |     8 |     1 |     2 ||    11
 Stab: Sleeping          |     1 |       |       |       ||     1
  Eat: Chunk             |     3 |     5 |    10 |     6 ||    24
       Beef jerky        |       |       |       |     1 ||     1
Armor: Leather armour    |    14 |       |       |       ||    14
       Chain mail        |    12 |    60 |   129 |    89 ||   290
       Ring mail         |     1 |       |       |       ||     1
       Plate armour      |       |       |       |     4 ||     4
Dodge: Dodged            |    53 |    33 |    72 |    66 ||   224
Block: Other             |       |       |     4 |       ||     4
